 Dungeon Crawl Stone Soup version 0.30-b1-2-g02819fbbbe (webtiles) character file.

Game seed: 2620633603165674385

285 darkwiz the Cutter (level 6, -8/47 HPs)
             Began as a Demonspawn Chaos Knight on June 18, 2023.
             Was a Plaything of Xom.
             Mangled by Natasha the hog (shapeshifter) (10 damage)
             ... on level 3 of the Dungeon.
             The game lasted 00:03:45 (3310 turns).

darkwiz the Cutter (Demonspawn Chaos Knight)        Turns: 3310, Time: 00:03:45

Health: -8/47      AC:  6    Str: 16    XL:     6   Next: 7%
Magic:  6/6        EV: 11    Int: 14    God:    Xom [...*..]
Gold:   154        SH:  0    Dex: 12    Spells: 5/5 levels left

rFire   . . .        a - +0 short sword (chaos)
rCold   + . .        (no shield)
rNeg    . . .        b - +2 leather armour
rPois   +            (no helmet)
rElec   .            (no cloak)
rCorr   .            (no gloves)
SInv    .            g - +0 pair of boots
Will    .....        (no amulet)
Stlth   +            (no ring)
HPRegen 0.27/turn    (no ring)
MPRegen 0.10/turn

%: no passive effects
@: no status effects
A: powered by pain 2, cold resistance 1, poison resistance, strong 1, MP-powered
wands
a: Renounce Religion


You were on level 3 of the Dungeon.
You worshipped Xom.
You were a favourite toy of Xom.
You visited 1 branch of the dungeon, and saw 3 of its levels.

You collected 154 gold pieces.

Inventory:

Hand Weapons
 a - a +0 short sword of chaos (weapon)
Missiles
 f - 4 curare-tipped darts
Armour
 b - a +2 leather armour (worn)
 g - a +0 pair of boots (worn)
Jewellery
 o - a ring of flight
Scrolls
 d - 2 scrolls of noise {unknown}
 e - a scroll of amnesia {unknown}
 h - a scroll of poison {unknown}
 i - a scroll of teleportation
 j - a scroll of identify
 k - a scroll of enchant armour {unknown}
 m - a scroll of vulnerability {unknown}
Potions
 l - 2 potions of might {unknown}
 p - a potion of attraction
Miscellaneous
 c - a piece from Xom's chessboard (12/15) (quivered)


   Skills:
 - Level 3.0 Fighting
 + Level 6.2 Short Blades
 - Level 1.7 Armour
 - Level 0.8 Dodging


You had 5 spell levels left.
You didn't know any spells.
Your spell library was empty.

Dungeon Overview and Level Annotations

Branches:
Dungeon (3/15)

Altars:
Xom
Yredelemnul

Shops:
D:2 =*([   D:3 :

Portals:
Abyss: D:3

Annotations:
D:3 2 transporters, Natasha; arta456's ghost, amateur DECj


Innate Abilities, Weirdness & Mutations

You sometimes gain power by taking damage.
Your flesh is cold resistant. (rC+)
Your system is resistant to poisons. (rPois)
Your muscles are strong. (Str +4, Int/Dex -1)
You expend magic power (3 MP) to strengthen your wands.


Message History

Natasha claws you!
* * * LOW HITPOINT WARNING * * *
You closely miss Natasha.
Natasha is heavily wounded.
Natasha completely misses you.
You closely miss Natasha.
Natasha is heavily wounded.
Natasha closely misses you.
You make a move on Xom's chessboard...
Natasha twists and deforms.
Natasha claws you.
* * * LOW HITPOINT WARNING * * *
Unknown command.
You hit Natasha but do no damage.
Natasha is heavily wounded.
Natasha claws you.
* * * LOW HITPOINT WARNING * * *
You hit Natasha.
Natasha changes into a shapeshifter!
Natasha is heavily wounded.
You barely miss Natasha.
Natasha is heavily wounded.
Natasha the shapeshifter changes into a hog!
You hit Natasha but do no damage.
Natasha is moderately wounded.
You hit Natasha.
Natasha is moderately wounded.
Natasha bites you.
* * * LOW HITPOINT WARNING * * *
You barely miss Natasha.
Natasha is moderately wounded.
Natasha bites you but does no damage.
You hit Natasha. You freeze Natasha.
Natasha is heavily wounded.
Natasha barely misses you.
You closely miss Natasha.
Natasha is heavily wounded.
Natasha barely misses you.
You make a move on Xom's chessboard...
Natasha seems to grow stronger.
Natasha bites you!
You die...
Xom laughs nastily!

###.#########....##.....##.#..#
#.............#.##......##.#..#
##.#.#########.#.##.#.......#..#
...#.# #.#....#....####).#
...#.# #.#∩####....# #..# ...#.#
######...####....## #..##
...#.####........#........#
#....
...#.............h........#
##.##
...##..##.......@.........# #.##
...#...................(..# #...
...#......................# ####
#.^#...###....####........#
#.....##.##..##..####.....#
##>...#g..##.#.^.W.x#.....#
###..####.###∩.##.##...#.# #...#
... #####....#.# #...###
##.##........# #


You could see Natasha the hog shaped shifter (strong).

Vanquished Creatures
  Sigmund (D:3)
  Natasha (D:3)
  Terence (D:2)
  An adder (D:3)
  2 worms
  3 dart slugs
  6 bats
  4 endoplasms
  A giant cockroach (D:2)
  6 goblins
  5 hobgoblins
  4 jackals (D:1)
  3 quokkas
  7 ball pythons
  5 frilled lizards
  6 kobolds
  3 rats
59 creatures vanquished.

Notes
Turn   | Place    | Note
-------+----------+-------------------------------------------
     0 | D:1      | darkwiz the Demonspawn Chaos Knight began the quest for the
                  | Orb.
     0 | D:1      | Reached XP level 1. HP: 18/18 MP: 1/1
    55 | D:1      | XOM: divination: detect creatures
    56 | D:1      | XOM: silly message
    59 | D:1      | XOM: give mutations
    59 | D:1      | Gained mutation: Your flesh is cold resistant. (rC+) [Xom's
                  | mischief]
    59 | D:1      | Gained mutation: You are weak. (Str -2) [Xom's mischief]
    59 | D:1      | Gained mutation: You are agile. (Dex +4, Str/Int -1) [Xom's
                  | mischief]
    64 | D:1      | Reached skill level 3 in Short Blades
    99 | D:1      | Gained mutation: You sometimes gain a little power by
                  | taking damage. [demonic ancestry]
    99 | D:1      | Reached XP level 2. HP: 7/24 MP: 2/2
   414 | D:1      | XOM: silly message
   919 | D:1      | Reached XP level 3. HP: 29/29 MP: 3/3
  1039 | D:2      | Noticed Terence
  1049 | D:2      | XOM: butterfly on damage
  1055 | D:2      | Killed Terence
  1056 | D:2      | Reached skill level 4 in Short Blades
  1295 | D:2      | Found Dakkaf's Antique Armour Emporium.
  1348 | D:2      | Found Mado Cui's Antique Weapon Boutique.
  1459 | D:2      | Found a basalt altar of Yredelemnul.
  1488 | D:2      | XOM: silly message
  1490 | D:2      | XOM: divination: detect creatures
  1541 | D:2      | Found a faded altar of an unknown god.
  1545 | D:2      | Gained mutation: You sometimes gain power by taking damage.
                  | [demonic ancestry]
  1545 | D:2      | Reached XP level 4. HP: 35/35 MP: 4/4
  1619 | D:2      | XOM: 7-stop teleportation journey
  1664 | D:2      | Found Posoepis's Assorted Antiques.
  1891 | D:2      | XOM: give mutation
  1891 | D:2      | Gained mutation: You expend magic power (3 MP) to
                  | strengthen your wands. [Xom's grace]
  1963 | D:2      | XOM: snakes to sticks
  1977 | D:2      | Found Nen Oth's Jewellery Boutique.
  2111 | D:2      | XOM: scenery: create altars
  2189 | D:3      | Found Esol's Book Shop.
  2244 | D:3      | Found a one-way gate to the infinite horrors of the Abyss.
  2244 | D:3      | Noticed a small abomination
  2244 | D:3      | Noticed arta456's ghost (amateur DECj)
  2249 | D:3      | Found a transporter.
  2250 | D:3      | Noticed a small abomination
  2270 | D:3      | Found a transporter.
  2285 | D:3      | Noticed Natasha
  2295 | D:3      | Killed Natasha
  2296 | D:3      | Reached skill level 5 in Short Blades
  2594 | D:3      | Noticed Sigmund
  2598 | D:3      | Lost mutation: You are weak. (Str -2) [potion of mutation]
  2598 | D:3      | Lost mutation: You are agile. (Dex +4, Str/Int -1) [potion
                  | of mutation]
  2598 | D:3      | Gained mutation: Your muscles are strong. (Str +4, Int/Dex
                  | -1) [potion of mutation]
  2598 | D:3      | Gained mutation: Your system is resistant to poisons.
                  | (rPois) [potion of mutation]
  2606 | D:3      | XOM: butterfly on damage
  2614 | D:3      | Killed Sigmund
  2615 | D:3      | Reached skill level 6 in Short Blades
  2615 | D:3      | Reached XP level 5. HP: 26/41 MP: 5/5
  2615 | D:3      | Reached XP level 6. HP: 30/47 MP: 6/6
  2623 | D:3      | XOM: polymorph butterfly -> hobgoblin
  2775 | D:3      | HP: 2/47 [worm (10)]
  3063 | D:3      | XOM: cloud trail
  3279 | D:3      | Noticed Natasha
  3303 | D:3      | Natasha changed into Natasha the shapeshifter
  3303 | D:3      | Noticed Natasha (shapeshifter)
  3304 | D:3      | Natasha the shapeshifter changed into Natasha the hog
  3304 | D:3      | Noticed Natasha (shapeshifter)
  3306 | D:3      | HP: 2/47 [Natasha the hog (shapeshifter) (3)]
  3310 | D:3      | Mangled by Natasha the hog (shapeshifter)

Illustrated notes

Levels and vault maps discovered:
D:1:      dpeg_arrival_morbid_curiosity, layout_basic
D:2:      minmay_angry_zag, layout_loops_corners,
          shapermc_ecumenical_altar_mp_vishouse, serial_shops,
          nicolae_shop_tiny_real_fake_doors, nicolae_shop_advertising_works
          [nicolae_subvault_shop_adworks], shop,
          nicolae_shop_tiny_real_fake_doors, basic_altar, grunt_ministairs_7,
          nrook_campfire, minmay_misc_feat_iff, uniq_terence
D:3:      layout_basic, gammafunk_ghost_abyssal_escape, serial_shops, shop,
          uniq_natasha, uniq_sigmund

Skill      XL: |  1  2  3  4 |
---------------+-------------+-----
Short Blades   | 3 4 6 |  6.2
Fighting       | |  3.0
Armour         | |  1.7
Dodging        | |  0.8

Action                     |  1- 3 |  4- 6 || total
---------------------------+-------+-------++-------
  Melee: Short sword       |   150 |   143 ||   293
         Punch             |     1 |     2 ||     3
  Evoke: Piece from Xom's  |     2 |     4 ||     6
    Use: Scroll            |     2 |       ||     2
         Potion            |       |     4 ||     4
   Stab: Sleeping          |     2 |     1 ||     3
         Paralysed         |     1 |     1 ||     2
 Armour: Leather armour    |    45 |    40 ||    85
  Dodge: Dodged            |   114 |    58 ||   172
